 Dungeon Crawl Stone Soup version 0.31-a0-1338-gb567cfdca4 (webtiles) character file.

Game seed: 10051805625012834311

1354 pokeman the Thaumaturge (level 8, -3/44 HPs)
             Began as a Deep Elf Hedge Wizard on Dec 23, 2023.
             Was an Initiate of Vehumet.
             Shot with an arrow by a centaur (8 damage)
             ... on level 6 of the Dungeon.
             The game lasted 00:09:43 (6233 turns).

pokeman the Thaumaturge (Deep Elf Hedge Wizard)     Turns: 6233, Time: 00:09:44

Health: -3/44      AC:  7    Str:  7    XL:     8   Next: 37%
Magic:  23/23      EV: 18    Int: 22    God:    Vehumet [......]
Gold:   256        SH:  0    Dex: 14    Spells: 18/26 levels left

rFire   + . .        z - +3 spear (venom)
rCold   + + .        (no shield)
rNeg    . . .        C - +0 steam dragon scales
rPois   .            t - +0 helmet
rElec   .            b - scarf {rC+ rF+}
rCorr   .            (no gloves)
SInv    .            m - +0 pair of boots
Will    .....        (no amulet)
Stlth   ++           j - ring of protection from cold
HPRegen 0.27/turn    a - +5 ring of evasion
MPRegen 0.18/turn

%: no passive effects
@: no status effects
A: no striking features
a: Renounce Religion


You were on level 6 of the Dungeon.
You worshipped Vehumet.
Vehumet was noncommittal.
You visited 2 branches of the dungeon, and saw 7 of its levels.

You collected 256 gold pieces.

Inventory:

Hand Weapons
 z - a +3 spear of venom (weapon)
Missiles
 s - 3 throwing nets
Armour
 b - a scarf of resistance (worn)
 m - a +0 pair of boots (worn)
 t - a +0 helmet (worn)
 u - a +2 ring mail of cold resistance
 C - +0 steam dragon scales (worn)
Magical Staves
 v - the staff "Goblinbane" {rN+ Int+3 Necro Tloc}
   (You found it on level 5 of the Dungeon)

   [staff of death]

   Base accuracy: +5 Base damage: 5 Base attack delay: 1.2 This weapon's minimum
   attack delay (0.6) is reached at skill level 12.
   Int+3:     It affects your intelligence (+3).
   rN+:       It protects you from negative energy.
   Necro:     It increases the power of your Necromancy spells.
   Tloc:      It increases the power of your Translocations spells.
   It falls into the 'Staves' category.
   It is a one-handed weapon.
Jewellery
 a - a +5 ring of evasion (right hand)
 j - a ring of protection from cold (left hand)
Wands
 x - a wand of polymorph (14)
 y - a wand of flame (18)
Scrolls
 c - a scroll of enchant armour {unknown}
 e - 3 scrolls of fear {unknown}
 f - 2 scrolls of fog {unknown}
 h - 2 scrolls of amnesia {unknown}
 k - 2 scrolls of enchant weapon {unknown}
 l - 2 scrolls of identify {unknown}
 n - a scroll of torment {unknown}
 q - a scroll of poison {unknown}
 w - a scroll of vulnerability {unknown}
 A - a scroll of immolation {unknown}
Potions
 d - a potion of magic
 g - 4 potions of attraction {unknown}
 i - a potion of mutation {unknown}
 o - 2 potions of heal wounds {unknown}
 p - a potion of invisibility {unknown}
 r - 3 potions of lignification {unknown}
 B - 2 potions of brilliance {unknown}


   Skills:
 - Level 2.0 Fighting
 + Level 2.4 Armour
 - Level 3.0 Dodging
 - Level 3.1 Stealth
 * Level 9.6 Spellcasting
 + Level 4.9 Conjurations
 - Level 1.1 Summonings
 + Level 4.0 Necromancy
 - Level 1.1 Translocations
 - Level 1.1 Air Magic
 - Level 1.2 Alchemy
 - Level 1.0 Evocations


You had 18 spell levels left.
You knew the following spells:

 Your Spells              Type           Power      Damage    Failure   Level
a - Magic Dart            Conj           100%       1d8       1%          1
b - Mephitic Cloud        Conj/Alch/Air  21%        N/A       7%          3
c - Call Imp              Summ           30%        N/A       6%          2
d - Blink                 Tloc           30%        N/A       6%          2

Your spell library contained the following spells:

 Spells                   Type           Power      Damage    Failure   Level
 Momentum Strike          Conj/Tloc      46%        3d9       2%          2
 Apportation              Tloc           30%        N/A       4%          1
 Cigotuvi's Dreadful Rot  Necr/Alch/Air  38%        N/A       4%          2
 Slow                     Hex            40%        N/A       6%          1
 Lesser Beckoning         Tloc           30%        N/A       6%          2
 Jinxbite                 Hex            20%        N/A       10%         2
 Manifold Assault         Tloc           15%        N/A       36%         4
 Alistair's Intoxication  Alch           10%        N/A       71%         5
 Dispersal                Tloc           7%         N/A       99%         6
 Disjunction              Tloc           7%         N/A       100%        8


Dungeon Overview and Level Annotations

Branches:
Dungeon (6/15)             Temple (1/1) D:5

Altars:
Ashenzari
Cheibriados
Elyvilon
Fedhas
Hepliaklqana
Kikubaaqudgha
Makhleb
Okawaru
Qazlal
Ru
Sif Muna
Uskayaw
Vehumet
Xom
Yredelemnul
Zin
The Shining One

Shops:
D:1 [


Message History

Found a scroll labelled KOOCZA NUUTRUE.
Casting: Mephitic Cloud (dangerous; 7% risk of failure)
Confirm with . or Enter, or press ? or * to list all spells.
Aiming: Mephitic Cloud (dangerous; 7% risk of failure)
Press: ? - help, Shift-Dir - straight line The ball explodes into a vile cloud!
The stinking cloud engulfs the centaur.
The centaur shouts! x2
The centaur shoots an arrow.
The arrow misses you.
The centaur is engulfed in noxious fumes.
The centaur appears confused.
The centaur shoots an arrow.
The arrow misses you.
The centaur shouts!
You hear a shout! x2
Unknown command.
The centaur falls into the water!
The centaur drowns.
Vehumet accepts your kill.
You hear a splash.
The centaur shoots an arrow.
The arrow completely misses you.
The centaur wields a +0 shortbow.
The centaur shoots an arrow.
The arrow closely misses you.
Your Necromancy skill increases to level 4!
The centaur shoots an arrow.
The arrow barely misses you.
The centaur shoots an arrow.
The arrow hits you.
You start resting.
HP restored.
You start resting.
Magic restored.
The centaur shouts!
You hear a shout!
The centaur wields a +0 orcbow.
The centaur shoots an arrow.
The arrow closely misses you.
The centaur shoots an arrow.
The arrow hits you!
The centaur shoots an arrow.
The arrow hits you!
The centaur shoots an arrow.
The arrow hits you.
The centaur shoots an arrow.
The arrow hits you!
* * * LOW HITPOINT WARNING * * *
The centaur shoots an arrow.
The arrow completely misses you.
The centaur shoots an arrow.
The arrow closely misses you.
The centaur shoots an arrow.
The arrow hits you.
* * * LOW HITPOINT WARNING * * *
The centaur shoots an arrow.
The arrow closely misses you.
The centaur shoots an arrow.
The arrow hits you!
You die...

#.##...........# #...##.# ..
##..........# #...##.# ###
###.......# #...##.# ##.........#
#...##.# # #..###...#.#+##
#...##'### #.#####.## #####....#
#......... #.......# #....#
###....... ........# #....#
####....... .....>..+ ###@#'##
#.......... .......≈≈≈≈.##...#.#
#.#........ ......≈≈≈≈≈≈≈≈.....#
#.#..#.###.
..≈≈≈≈≈≈≈≈≈≈≈≈≈≈≈##...#.#..#.###.
≈≈≈≈≈≈≈≈≈≈≈≈≈≈≈≈≈≈ ≈..######..##.
≈≈≈≈≈≈≈≈≈≈≈cc≈≈≈≈≈≈ #........##
≈≈≈≈≈≈≈≈≈..c.cc≈≈≈≈≈ #.<..†♣...'
≈≈≈≈≈≈≈≈........≈≈≈≈≈ #........##
..#'#...≈≈≈≈≈#######..###


You could see 5 centaurs.

Vanquished Creatures
  Maggie (D:6)
  An ice beast (D:5)
  2 centaurs
  2 gnoll sergeants
  2 scorpions
  2 howler monkeys
  A hound (D:6)
  2 jellies (D:5)
  An orc priest (D:3)
  Jessica (D:3)
  3 iguanas (D:5)
  An orc wizard (D:6)
  11 gnolls
  8 adders
  2 bombardier beetles
  2 dart slugs
  8 orcs
  6 endoplasms
  3 giant cockroaches
  9 goblins
  9 hobgoblins
  6 jackals
  8 kobolds
  2 quokkas
  5 ball pythons
  5 bats
  3 frilled lizards
  3 rats (D:1)
109 creatures vanquished.

Vanquished Creatures (collateral kills)
  A gnoll (D:6)
1 creature vanquished.

Grand Total: 110 creatures vanquished

Notes
Turn   | Place    | Note
-------+----------+-------------------------------------------
     0 | D:1      | pokeman the Deep Elf Hedge Wizard began the quest for the
                  | Orb.
     0 | D:1      | Reached XP level 1. HP: 10/10 MP: 7/7
   124 | D:1      | Found Dieqiec's Antique Armour Emporium.
   232 | D:1      | Reached XP level 2. HP: 16/16 MP: 6/9
   514 | D:1      | Reached skill level 5 in Spellcasting
   822 | D:1      | Found a faded altar of an unknown god.
  1022 | D:2      | Reached XP level 3. HP: 20/20 MP: 7/11
  1030 | D:2      | Learned a level 3 spell: Mephitic Cloud
  1033 | D:2      | Learned a level 2 spell: Call Imp
  1036 | D:2      | Learned a level 2 spell: Blink
  1167 | D:2      | Reached skill level 1 in Fighting
  1237 | D:2      | Reached skill level 1 in Armour
  1638 | D:2      | Reached XP level 4. HP: 25/25 MP: 3/13
  2393 | D:3      | Noticed Jessica
  2395 | D:3      | Killed Jessica
  2396 | D:3      | Reached skill level 6 in Spellcasting
  2396 | D:3      | Reached XP level 5. HP: 29/29 MP: 13/15
  3320 | D:4      | Reached skill level 1 in Air Magic
  3320 | D:4      | Reached skill level 1 in Alchemy
  3954 | D:4      | Reached XP level 6. HP: 34/34 MP: 13/17
  4139 | D:5      | Entered Level 5 of the Dungeon
  4206 | D:5      | Identified the staff "Goblinbane" {rN+ Int+3 Necro Tloc}
  4262 | D:5      | Reached skill level 7 in Spellcasting
  4429 | D:5      | Reached skill level 1 in Necromancy
  4434 | D:5      | Reached skill level 1 in Evocations
  4596 | D:5      | Found a staircase to the Ecumenical Temple.
  4602 | Temple   | Entered the Ecumenical Temple
  4623 | Temple   | Became a worshipper of Vehumet
  4671 | D:5      | Reached XP level 7. HP: 39/39 MP: 16/20
  4712 | D:5      | Found a white marble altar of Elyvilon.
  4762 | D:5      | Reached skill level 8 in Spellcasting
  5819 | D:6      | Reached XP level 8. HP: 44/44 MP: 19/22
  5935 | D:6      | Noticed Maggie
  5952 | D:6      | Killed Maggie
  5953 | D:6      | Reached skill level 9 in Spellcasting
  6233 | D:6      | Shot with an arrow by a centaur

Illustrated notes

Levels and vault maps discovered:
D:1:      heliophobic_arrival_ceremonial_halls, layout_rooms,
          shapermc_ecumenical_altar_ellora, serial_shops, shop
D:2:      layout_loops_ring
D:3:      layout_basic, uniq_jessica
D:4:      layout_loops_ring
D:5:      layout_cave_pods, elyvilon_altar_3, minmay_temple_entry_wispy
D:6:      layout_basic, grunt_gozag_breadcrumbs, grunt_ministairs_14,
          centaur_isle, uniq_maggie
Temple:   nicolae_temple_slightly_damp_pantheon

Skill      XL: |  1  2  3  4  5  6  7  8 |
---------------+-------------------------+-----
Spellcasting   | 5 6 7 8 9 |  9.6
Fighting       | 1 2 |  2.0
Armour         | 1 2 |  2.4
Conjurations   | 2 3 4 |  4.9
Dodging        | 3 |  3.0
Stealth        | 3 |  3.1
Air Magic      | 1 |  1.1
Alchemy        | 1 |  1.2
Necromancy     | 1 3 4 |  4.0
Evocations     | 1 |  1.0
Summonings     | |  1.1
Translocations | |  1.1

Action                     |  1- 3 |  4- 6 |  7- 9 || total
---------------------------+-------+-------+-------++-------
  Melee: Dagger            |    23 |    50 |    38 ||   111
         Punch             |       |       |     1 ||     1
         Spear             |       |       |    16 ||    16
   Cast: Magic Dart        |    85 |   127 |    58 ||   270
         Mephitic Cloud    |       |     6 |    10 ||    16
         Call Imp          |       |       |     1 ||     1
   Stab: Sleeping          |       |     2 |       ||     2
         Confused          |       |     4 |     4 ||     8
 Armour: Robe              |    21 |    17 |    16 ||    54
         Steam dragon scal |       |       |    11 ||    11
  Dodge: Dodged            |    26 |    42 |    35 ||   103

Table legend: (Time is in decaauts)
 A = Elapsed time spent in this place.
 B = Non-inter-level travel time spent in this place.
 C = Inter-level travel time spent in this place.
 D = Time resting spent in this place.
 E = Time spent auto-exploring this place.
 F = Levels seen in this place.
 G = Mean time per level.
                   A        B        C        D        E       F      G
               +--------+--------+--------+--------+--------+-----+--------+
         Total |   6231 |   6087 |    144 |    235 |   5027 |   7 |  890.1 |
       Dungeon |   6188 |   6064 |    124 |    235 |   5027 |   6 | 1031.3 |
        Temple |     42 |     22 |     20 |      0 |      0 |   1 |   42.0 |
               +--------+--------+--------+--------+--------+-----+--------+

Top non-repeatable levels by time:
     D:5: 1267 daAuts
     D:3: 1223 daAuts
     D:1: 1017 daAuts
     D:2: 1004 daAuts
     D:4: 890 daAuts
     D:6: 784 daAuts
  Temple: 42 daAuts
